 Dungeon Crawl Stone Soup version 0.20.0-15-g7f486f2 (webtiles) character file.

3790 galech the Cleaver (level 9, -1/81 HPs)
             Began as a Deep Dwarf Fighter on June 29, 2017.
             Was a Follower of Makhleb.
             Slain by a two-headed ogre
             ... wielding a +0 giant club
              (20 damage)
             ... on level 8 of the Dungeon.
             The game lasted 00:16:24 (6787 turns).

galech the Cleaver (Deep Dwarf Fighter)             Turns: 6787, Time: 00:16:24

Health: -1/81      AC: 20    Str: 25    XL:     9   Next: 95%
Magic:  6/6        EV:  7    Int: 16    God:    Makhleb [*.....]
Gold:   344        SH: 12    Dex: 12    Spells: 8/8 levels left

rFire    + . .     SeeInvis .   a - +0 war axe
rCold    . . .     Gourm    +   c - +0 shield
rNeg     + . .     Faith    .   R - +3 plate armour of Brilliance {*Slow +Inv rN+ Int+9}
rPois    .         Spirit   .   A - +0 helmet
rElec    .         Reflect  .   p - +0 cloak
rCorr    .         Harm     .   y - +0 pair of gloves
MR       +....     Clarity  +   (no boots)
Stlth    ..........             T - amulet of the gourmand
Regen    0.0/turn               P - ring of protection from fire
MPRegen  0.1/turn               M - +2 ring of strength

@: lethally poisoned (-1 -> -1), non-regenerating, slowed, very slow
A: damage resistance, heal wounds, talons 1, clarity, dopey 1, high mp 1, sense
surroundings 2, no regeneration
a: Heal Wounds, Renounce Religion, Evoke Invisibility


You were on level 8 of the Dungeon.
You worshipped Makhleb.
Makhleb was aware of your devotion.
You were very full.

You visited 2 branches of the dungeon, and saw 10 of its levels.

You collected 494 gold pieces.
You spent 150 gold pieces at shops.

Inventory:

Hand Weapons
 a - a +0 war axe (weapon)
Armour
 c - a +0 shield (worn)
 k - a +0 plate armour
 p - a +0 cloak (worn)
 y - a +0 pair of gloves (worn)
 A - a +0 helmet (worn)
 R - the +3 plate armour of Brilliance (worn) {*Slow +Inv rN+ Int+9}
   (You found it on level 7 of the Dungeon)

   It affects your intelligence (+9).
   It protects you from negative energy.
   It lets you turn invisible.
   It may slow you when you take damage.
Jewellery
 m - a +3 ring of intelligence
 q - an uncursed amulet of magic regeneration
 x - an uncursed ring of flight
 D - an uncursed ring of ice
 M - a +2 ring of strength (right hand)
 P - a ring of protection from fire (left hand)
 T - an amulet of the gourmand (around neck)
Wands
 C - a wand of acid (0/15)
 J - a wand of flame (26/48)
 L - a wand of iceblast (4/15)
Scrolls
 e - 3 scrolls of remove curse
 h - 9 scrolls of identify {unknown}
 n - a scroll of noise {unknown}
 r - a scroll of random uselessness {unknown}
 t - 3 scrolls of magic mapping {unknown}
 u - a scroll of fog {unknown}
 w - a scroll of enchant weapon {unknown}
 z - a scroll of immolation {unknown}
 B - 2 scrolls of teleportation {unknown}
 E - a scroll of enchant armour {unknown}
 G - a scroll of amnesia {unknown}
 U - a scroll of silence {unknown}
Potions
 d - 2 potions of curing {unknown}
 l - 2 potions of haste {unknown}
 o - a potion of degeneration {unknown}
 s - a potion of brilliance {unknown}
 v - a potion of resistance {unknown}
 F - a potion of might
 H - 4 potions of heal wounds
 I - a potion of invisibility {unknown}
 K - a potion of berserk rage {unknown}
 N - 2 potions of flight {unknown}
 Q - a potion of mutation {unknown}
 S - a potion of magic {unknown}
Books
 i - a book of Cantrips

   Spells                             Type                      Level
   a - Confusing Touch                Hexes                        1
   b - Animate Skeleton               Necromancy                   1
   c - Summon Small Mammal            Summoning                    1
   d - Apportation                    Translocation                1
 O - a book of Flames

   Spells                             Type                      Level
   a - Flame Tongue                   Conjuration/Fire             1
   b - Throw Flame                    Conjuration/Fire             2
   c - Conjure Flame                  Conjuration/Fire             3
   d - Inner Flame                    Hexes/Fire                   3
   e - Sticky Flame                   Conjuration/Fire             4
   f - Fireball                       Conjuration/Fire             5
Comestibles
 b - 15 fruits
 f - 5 bread rations
 g - 6 meat rations
 j - 2 royal jellies


   Skills:
 + Level 5.3 Fighting
 + Level 9.9 Axes
 + Level 7.1 Armour
 + Level 2.0 Dodging
 + Level 1.8 Stealth
 + Level 9.1 Shields


You had 8 spell levels left.
You didn't know any spells.

Dungeon Overview and Level Annotations

Branches:
Dungeon (9/15)             Temple (1/1) D:5
   Lair: D:8-11         Orc: D:9-12

Altars:
Ashenzari
Cheibriados
Dithmenos
Elyvilon
Fedhas
Gozag
Hepliaklqana
Kikubaaqudgha
Makhleb
Nemelex Xobeh
Okawaru
Qazlal
Ru
Sif Muna
Trog
Uskayaw
Vehumet
Xom
Yredelemnul
Zin
The Shining One

Shops:
D:5 *%!   D:6 (

Annotations:
D:8 Joseph
D:9 Overlord's ghost, novice DsBe


Innate Abilities, Weirdness & Mutations

You are resistant to damage.
You can heal yourself by infusing magical energy.
You passively map the area around you.
You do not regenerate.
You have sharp toenails.
You possess an exceptional clarity of mind.
You are dopey. (Int -2)
You have an increased reservoir of magic. (+10% MP)


Message History

You slash the two-headed ogre!
You claw the two-headed ogre, but do no damage.
The two-headed ogre is heavily wounded.
The two-headed ogre hits you but does no damage.
You block the two-headed ogre's attack.
You hit the two-headed ogre but do no damage.
You claw the two-headed ogre, but do no damage.
The two-headed ogre is heavily wounded.
The two-headed ogre barely misses you. You block the two-headed ogre's attack.
You slash the two-headed ogre!
You claw the two-headed ogre, but do no damage.
The two-headed ogre is severely wounded.
The two-headed ogre hits you with a giant club!
* * * LOW HITPOINT WARNING * * *
You feel yourself slow down. You block the two-headed ogre's attack.
You barely miss the two-headed ogre.
You claw the two-headed ogre, but do no damage.
The two-headed ogre is severely wounded.
The two-headed ogre hits you with a giant club!!
You die...

..........................# ,
...######............#....#*,
...# #............#######. *
...######....######..#.......
, .........%...# #..........
#.......(....# #..........,
#.....((..#### #.......... *
....)(..###########..........*
..............(.@O...........
,
........###########..#.######,
* ...#...## #..#.#** *
...#...# #..$.. ,, ...#...#
#.#.... , , , ...##### * * * *
###...... , , ...... , ,
......,*** ...... * * *
*,...... * #..... , , , .....,


You could see a two-headed ogre.

Vanquished Creatures
  Erica (D:8)
  Grinder (D:4)
  A hippogriff (D:8)
  The ghost of wilfster70 the Digger, an amateur GrEE (D:5)
  Duvessa (D:6)
  A sky beast (D:9)
  A necrophage (D:6)
  An ice beast (D:6)
  An ogre (D:6)
  3 centaurs
  Blork the orc (D:6)
  A big kobold (D:9)
  A gnoll sergeant (D:4)
  2 bullfrogs
  A water moccasin zombie (D:5)
  Dowan (D:6)
  3 scorpions
  5 killer bees (D:8)
  A howler monkey (D:4)
  A crimson imp (D:7)
  7 hounds
  Crazy Yiuf (D:7)
  3 orc priests
  2 jellies
  Ijyb (D:5)
  2 iguanas
  Natasha (thrice) (D:4)
  7 worker ants
  2 orc wizards
  A hound skeleton (D:8)
  Robin (D:4)
  4 gnolls (D:4)
  8 adders
  2 shadow imps
  An ooze (D:4)
  3 worms
  An adder skeleton (D:6)
  An adder zombie (D:9)
  2 dart slugs
  5 leopard geckos
  11 orcs
  12 bats
  6 giant cockroaches
  17 goblins
  17 hobgoblins
  17 jackals
  2 quokkas
  A ball python (D:4)
  10 frilled lizards
  A giant cockroach zombie (D:6)
  11 kobolds
  11 rats
202 creatures vanquished.

Notes
Turn   | Place    | Note
-------+----------+-------------------------------------------
     0 | D:1      | galech the Deep Dwarf Fighter began the quest for the Orb.
     0 | D:1      | Reached XP level 1. HP: 20/20 MP: 1/1
   340 | D:1      | Found a sparkling altar of Nemelex Xobeh.
   351 | D:1      | Reached XP level 2. HP: 25/27 MP: 2/2
   972 | D:2      | Reached XP level 3. HP: 22/33 MP: 3/3
  1143 | D:2      | Found a faded altar of an unknown god.
  1404 | D:2      | Reached XP level 4. HP: 27/42 MP: 4/4
  1554 | D:2      | Found a snail-covered altar of Cheibriados.
  2060 | D:3      | Found an opulent altar of Gozag.
  2344 | D:4      | Noticed Grinder
  2350 | D:4      | Killed Grinder
  2350 | D:4      | Reached XP level 5. HP: 34/49 MP: 4/4
  2350 | D:4      | Reached XP level 6. HP: 39/56 MP: 5/5
  2422 | D:4      | Reached skill level 1 in Stealth
  2446 | D:4      | Reached skill level 5 in Axes
  2446 | D:4      | Reached skill level 5 in Shields
  2477 | D:4      | Noticed Natasha
  2488 | D:4      | Killed Natasha
  2701 | D:4      | Noticed Robin
  2702 | D:4      | Reached XP level 7. HP: 22/62 MP: 6/6
  2706 | D:4      | Killed Robin
  3243 | D:4      | Noticed Natasha
  3249 | D:4      | Killed Natasha
  3381 | D:5      | Entered Level 5 of the Dungeon
  3427 | D:5      | Reached skill level 5 in Armour
  3445 | D:5      | Found a shattered altar of Ashenzari.
  3460 | D:5      | Noticed Ijyb
  3467 | D:5      | Killed Ijyb
  3540 | D:5      | Found Poupigab's Assorted Antiques.
  3545 | D:5      | Found a bloodstained altar of Trog.
  3608 | D:5      | Found a staircase to the Ecumenical Temple.
  3608 | D:5      | Noticed wilfster70's ghost (amateur GrEE)
  3611 | D:5      | Found Pasa Puw's Food Shoppe.
  3616 | Temple   | Entered the Ecumenical Temple
  3759 | D:5      | Killed wilfster70's ghost
  3759 | D:5      | Reached XP level 8. HP: 42/72 MP: 7/7
  3985 | D:5      | Reached skill level 1 in Dodging
  4012 | D:5      | Found Widd's Distillery.
  4016 | D:5      | Bought a potion of heal wounds for 50 gold pieces
  4016 | D:5      | Bought a potion of heal wounds for 50 gold pieces
  4016 | D:5      | Bought a potion of heal wounds for 50 gold pieces
  4187 | D:4      | Noticed Natasha
  4207 | D:4      | Killed Natasha
  4253 | D:6      | Found Fant's Antique Weapon Boutique.
  4407 | D:6      | Noticed Blork the orc
  4422 | D:6      | Killed Blork the orc
  4898 | D:6      | Noticed Duvessa
  4899 | D:6      | Found a radiant altar of Vehumet.
  4900 | D:6      | Found a glowing golden altar of the Shining One.
  4901 | D:6      | Noticed Dowan
  5466 | D:7      | Found a burning altar of Makhleb.
  5467 | D:7      | Got a spiked plate armour
  5480 | D:7      | Identified the +3 plate armour of Brilliance {*Slow +Inv rN+ Int+9} (You found it on level 7 of the Dungeon)
  5485 | D:7      | Became a worshipper of Makhleb the Destroyer
  5608 | D:7      | Found a basalt altar of Yredelemnul.
  5815 | D:6      | Killed Duvessa
  5827 | D:6      | Killed Dowan
  5827 | D:6      | Gained mutation: You passively map the area around you. [Deep Dwarf growth]
  5827 | D:6      | Reached XP level 9. HP: 59/79 MP: 7/7
  5984 | D:7      | Found a runed door.
  5988 | D:7      | Noticed Crazy Yiuf
  5995 | D:7      | Killed Crazy Yiuf
  6093 | D:8      | Noticed Joseph
  6506 | D:9      | Reached * piety under Makhleb
  6531 | D:9      | Gained mutation: You have sharp toenails. [mutagenic meat]
  6532 | D:9      | Gained mutation: You are dopey. (Int -2) [mutagenic meat]
  6533 | D:9      | Noticed Overlord's ghost (novice DsBe)
  6533 | D:9      | Gained mutation: You have an increased reservoir of magic. (+10% MP) [mutagenic meat]
  6534 | D:9      | Gained mutation: You possess an exceptional clarity of mind. [mutagenic meat]
  6603 | D:8      | Reached skill level 5 in Fighting
  6742 | D:8      | Noticed a two-headed ogre
  6744 | D:8      | Noticed Erica
  6776 | D:8      | Killed Erica
  6787 | D:8      | Slain by a two-headed ogre

Skill      XL: |  1  2  3  4  5  6  7  8  9 |
---------------+----------------------------+-----
Fighting       | 3 4 5 |  5.3
Axes           | 3 4 5 6 8 9 |  9.9
Shields        | 4 5 6 7 9 |  9.1
Armour         | 4 5 6 7 |  7.1
Stealth        | 1 |  1.8
Dodging        | 1 2 |  2.0

Action                   |  1- 3 |  4- 6 |  7- 9 || total
-------------------------+-------+-------+-------++-------
Melee: War axe           |   169 |   139 |   548 ||   856
       Kick              |       |       |    42 ||    42
 Abil: Heal Wounds       |       |     1 |    13 ||    14
  Use: Potion            |       |     1 |       ||     1
       Scroll            |       |       |     1 ||     1
 Stab: Invisible         |       |       |     1 ||     1
  Eat: Chunk             |     2 |     4 |    28 ||    34
       Bread ration      |       |       |     1 ||     1
Armor: Plate armour      |   112 |   109 |   371 ||   592
       Scale mail        |     3 |       |       ||     3
Dodge: Dodged            |    25 |    21 |   102 ||   148
Block: Shield            |   112 |    93 |   382 ||   587
